 Dungeon Crawl Stone Soup version 0.31-a0-986-g5e6e4ef867 (webtiles) character file.

Game seed: 2833629390639729650

4400 jasper the Skirmisher (level 10, -13/49 HPs)
             Began as a Spriggan Shapeshifter on Nov 20, 2023.
             Was a Follower of Okawaru.
             Mangled by a sun demon (22 damage)
             ... summoned by a kobold demonologist
             ... on level 9 of the Dungeon.
             The game lasted 00:18:43 (8553 turns).

jasper the Skirmisher (Spriggan Shapeshifter)       Turns: 8553, Time: 00:18:44

Health: -13/49     AC:  2    Str: 12    XL:     10   Next: 13%
Magic:  12/12      EV: 20    Int: 16    God:    Okawaru [*.....]
Gold:   2384       SH:  0    Dex: 16    Spells: 9/9 levels left

rFire   + . .        f - +0 orcbow
rCold   . . .        (shield currently unavailable)
rNeg    + + .        a - +0 animal skin
rPois   .            (helmet currently unavailable)
rElec   .            (cloak currently unavailable)
rCorr   .            (gloves unavailable)
SInv    +            (boots unavailable)
Will    +....        B - amulet "Luuzycs" {Rampage rN++ Regen+ Int+3 Stlth+}
Stlth   ++++         u - ring of protection from fire
HPRegen 1.08/turn    (no ring)
MPRegen 0.13/turn

%: rampage
@: about to teleport, beast-form, very quick
A: beast (slay +4), very small, no large weapons, unfitting armour, see
invisible, speed 3
a: Begin Untransformation, Renounce Religion, Heroism


You were on level 9 of the Dungeon.
You worshipped Okawaru.
Okawaru was aware of your devotion.
You were a hulking beast.
You visited 2 branches of the dungeon, and saw 10 of its levels.

You collected 2384 gold pieces.

Inventory:

Hand Weapons
 f - a +0 orcbow (weapon)
 g - a +0 dagger
 h - a +0 quarterstaff
 p - a +1 dagger of protection
 t - a +2 short sword of holy wrath
Missiles
 i - 42 stones
 q - 12 poisoned darts
 s - 2 darts of dispersal
 D - 2 throwing nets
Armour
 a - a +0 animal skin (worn)
 j - a +1 buckler
 v - a scarf of shadows
 x - a +0 cloak
Jewellery
 n - an amulet of guardian spirit
 o - a ring of flight
 u - a ring of protection from fire (left hand)
 B - the amulet "Luuzycs" (around neck) {Rampage rN++ Regen+ Int+3 Stlth+}
   (You acquired it on level 6 of the Dungeon)

   [amulet of regeneration]

   Int+3:     It affects your intelligence (+3).
   rN++:      It greatly protects you from negative energy.
   Regen+:    It increases your rate of health regeneration.
   Rampage:   It bestows one free step when moving towards enemies.
   Stlth+:    It makes you more stealthy.
 L - a ring of resist corrosion
Talismans
 c - a beast talisman
 d - a flux talisman
Wands
 F - a wand of flame (9)
Scrolls
 b - 3 scrolls of teleportation
 l - 2 scrolls of silence
 m - 2 scrolls of revelation
 w - a scroll of enchant armour
 y - 2 scrolls of amnesia
 z - a scroll of butterflies
 E - a scroll of brand weapon
 H - a scroll of poison
Potions
 e - 2 potions of degeneration
 k - a potion of magic
 r - a potion of curing
 C - 4 potions of attraction
 G - a potion of ambrosia
 I - a potion of berserk rage {unknown}
 J - a potion of haste {unknown}
 K - a potion of lignification


   Skills:
 - Level 3.6 Fighting
 + Level 10.2 Ranged Weapons
 - Level 6.2 Dodging
 - Level 6.3 Stealth
 - Level 2.9 Shields
 - Level 2.4 Unarmed Combat
 + Level 1.5 Invocations
 - Level 4.9 Evocations
 - Level 7.0 Shapeshifting


You had 9 spell levels left.
You didn't know any spells.
Your spell library contained the following spells:

 Spells                   Type           Power      Damage    Failure   Level
 Magic Dart               Conj           0%         1d3       26%         1
 Mephitic Cloud           Conj/Pois/Air  0%         N/A       58%         3
 Ozocubu's Armour         Ice            0%         N/A       58%         3
 Ozocubu's Refrigeration  Ice            0%         4d7       100%        7
 Summon Small Mammal      Summ           Unusable   N/A       N/A         1
 Call Imp                 Summ           Unusable   N/A       N/A         2
 Call Canine Familiar     Summ           Unusable   N/A       N/A         3
 Summon Guardian Golem    Hex/Summ       Unusable   N/A       N/A         3
 Malign Gateway           Summ/Tloc      Unusable   N/A       N/A         7
 Summon Horrible Things   Summ           Unusable   N/A       N/A         8

Dungeon Overview and Level Annotations

Branches:
Dungeon (9/15)             Temple (1/1) D:7
   Lair: D:8-11         Orc: D:9-12

Altars:
Ashenzari
Cheibriados
Dithmenos
Elyvilon
Gozag
Hepliaklqana
Kikubaaqudgha
Makhleb
Nemelex Xobeh
Okawaru
Qazlal
Ru
Sif Muna
Trog
Uskayaw
Vehumet
Wu Jian
Xom
Yredelemnul
Zin
The Shining One

Shops:
D:1 =   D:5 (   D:6 (([=:   D:8 (

Annotations:
D:5 exclusions: iguana and steam dragon


Innate Abilities, Weirdness & Mutations

You are a hulking beast.
Your limbs bulge with bestial killing power. (Slay +4)
You are very small and have problems with some larger weapons.
You are too small for most types of armour.
You have supernaturally acute eyesight. (SInv)
You cover ground extremely quickly. (Speed+++)


Message History

You shoot an arrow. The arrow hits the kobold demonologist!
The kobold demonologist is moderately wounded.
The kobold barely misses you.
The kobold demonologist hits you with a +0 dagger.
You take 5 damage, and have 29/49 hp.
You shoot an arrow.
The arrow barely misses the kobold demonologist.
The arrow closely misses the kobold demonologist.
The arrow hits the ice devil but does no damage.
The kobold hits you with a +0 dagger.
The kobold demonologist gestures wildly while chanting.
You take 1 damage, and have 28/49 hp.
You shoot an arrow.
The arrow closely misses the kobold demonologist. x2
The arrow hits the ice devil.
The ice devil is lightly wounded.
The kobold completely misses you.
The kobold demonologist closely misses you.
The kobold demonologist looks satisfied for a moment.
The kobold brigand closely misses you.
The kobold demonologist barely misses you.
The sun demon barely misses you.
As you read the scroll of fear, it crumbles to dust.
You assume a fearsome visage.
The kobold demonologist looks frightened!
The kobold looks frightened!
The kobold brigand looks frightened!
The kobold looks frightened!
The kobold demonologist looks frightened!
The kobold looks frightened!
The ice devil looks frightened!
The kobold demonologist looks frightened!
The sun demon resists with almost no effort.
The sun demon barely misses you.
As you read the scroll of teleportation, it crumbles to dust.
You feel strangely unstable. The sun demon hits you!
You are engulfed in flames!
You resist.
* * * LOW HITPOINT WARNING * * *
You take 22 damage, and have 8/49 hp.
MASSIVE DAMAGE!!
The sun demon attacks as it pursues you!
The sun demon hits you!!
You die...

#...# #...#
#...# .. #...#
...#######<..#
.............#
.............#
#########'##.###
........h3.#.#
......K....#.#
........K).#.#
........#K##.#
......K.#K....
........#K....
........#.......
#########.4K.KK.
/....KK.


You could see a sun demon (summoned), an ice devil (summoned, fleeing), 3 kobold
demonologists, 2 kobold brigands and 2 kobolds.

Vanquished Creatures
  Jeremiah (D:6)
  Grinder (D:6)
  A yak (D:8)
  A shadow (D:8)
  A basilisk (D:7)
  Menkaure (D:7)
  Edmund (D:4)
  A black bear (D:5)
  An orc warrior (D:6)
  A centaur (D:5)
  4 ogres
  A wolf (D:6)
  2 kobold brigands
  2 bullfrogs (D:7)
  4 scorpions
  13 wights
  5 killer bees
  4 electric eels
  2 gnoll boudas
  3 hounds
  3 jellies (D:5)
  5 orc priests
  A sleepcap (D:6)
  Crazy Yiuf (D:3)
  5 iguanas
  5 orc wizards
  7 gnolls
  11 adders
  2 shadow imps
  A white imp (D:7)
  4 ufetubi (D:6)
  4 worms
  A dart slug (D:1)
  41 orcs
  3 bats
  5 endoplasms
  A giant cockroach (D:3)
  6 goblins
  13 hobgoblins
  3 jackals (D:1)
  12 kobolds
  6 quokkas
  8 ball pythons
  3 frilled lizards
  2 rats
203 creatures vanquished.

Notes
Turn   | Place    | Note
-------+----------+-------------------------------------------
     0 | D:1      | jasper the Spriggan Shapeshifter began the quest for the
                  | Orb.
     0 | D:1      | Reached XP level 1. HP: 9/9 MP: 2/2
    85 | D:1      | Found a faded altar of an unknown god.
   176 | D:1      | Reached skill level 1 in Fighting
   210 | D:1      | Reached skill level 1 in Stealth
   210 | D:1      | Reached XP level 2. HP: 14/14 MP: 3/3
   938 | D:2      | Reached XP level 3. HP: 18/18 MP: 4/4
  1267 | D:3      | Reached XP level 4. HP: 22/22 MP: 5/5
  1409 | D:3      | Reached skill level 1 in Shields
  1409 | D:3      | Reached skill level 1 in Evocations
  1409 | D:3      | Reached skill level 5 in Shapeshifting
  1676 | D:3      | Reached XP level 5. HP: 25/25 MP: 6/6
  1742 | D:3      | Found a runed translucent door.
  1743 | D:3      | Noticed Crazy Yiuf
  2044 | D:3      | Killed Crazy Yiuf
  2070 | D:4      | Found a sparkling altar of Nemelex Xobeh.
  2070 | D:4      | Found a stormy altar of Qazlal.
  2071 | D:4      | Found an ancient bone altar of Kikubaaqudgha.
  2088 | D:4      | Noticed Edmund
  2092 | D:4      | Killed Edmund
  2093 | D:4      | Reached XP level 6. HP: 30/30 MP: 7/7
  2565 | D:4      | Reached XP level 7. HP: 35/35 MP: 8/8
  3275 | D:1      | Found Kilu's One-of-a-Kind Rings.
  3745 | D:1      | Identified 2 scrolls of acquirement
  3745 | D:1      | Acquired 1071 gold pieces
  3747 | D:1      | Acquired 909 gold pieces
  3892 | D:5      | Entered Level 5 of the Dungeon
  3969 | D:5      | Found Porph's Antique Weapon Emporium.
  3990 | D:5      | Reached skill level 5 in Dodging
  4210 | D:5      | Reached skill level 5 in Stealth
  4218 | D:5      | Reached XP level 8. HP: 19/40 MP: 4/9
  4358 | D:5      | Found a hide-covered altar of Uskayaw.
  5003 | D:5      | Reached skill level 1 in Ranged Weapons
  5166 | D:5      | Reached skill level 2 in Ranged Weapons
  5336 | D:6      | Noticed Duvessa
  5337 | D:6      | Duvessa changed into Duvessa the hound
  5337 | D:6      | Noticed Duvessa
  5351 | D:6      | Killed Duvessa the hound
  5352 | D:6      | Noticed Dowan
  5355 | D:6      | Dowan changed into Dowan the wolf
  5355 | D:6      | Noticed Dowan
  5369 | D:6      | HP: 2/41 [Dowan the wolf (7)]
  5370 | D:6      | Killed Dowan the wolf
  5371 | D:6      | Reached skill level 3 in Ranged Weapons
  5549 | D:6      | Found Wyekipo's Antique Weapon Shop.
  5554 | D:6      | Found Eroumiq's Jewellery Shoppe.
  5559 | D:6      | Found Ygyhia's Antique Weapon Boutique.
  5563 | D:6      | Found Emabbek's Book Emporium.
  5981 | D:6      | Found Siyb's Armour Shop.
  6041 | D:6      | Reached skill level 4 in Ranged Weapons
  6068 | D:6      | Noticed Grinder
  6085 | D:6      | Killed Grinder
  6086 | D:6      | Reached XP level 9. HP: 33/44 MP: 7/10
  6150 | D:6      | Acquired the amulet "Luuzycs" {Rampage rN++ Regen+ Int+3
                  | Stlth+}
  6171 | D:6      | Reached skill level 5 in Ranged Weapons
  6207 | D:6      | Noticed Jeremiah
  6247 | D:6      | Killed Jeremiah
  6311 | D:6      | Reached skill level 6 in Ranged Weapons
  6572 | D:6      | Found an ornate altar of the Wu Jian Council.
  6913 | D:7      | Reached skill level 7 in Ranged Weapons
  7228 | D:7      | Found a staircase to the Ecumenical Temple.
  7234 | Temple   | Entered the Ecumenical Temple
  7248 | Temple   | Became a worshipper of Warmaster Okawaru
  7372 | D:7      | Reached skill level 8 in Ranged Weapons
  7461 | D:7      | Noticed Menkaure
  7463 | D:7      | Killed Menkaure
  7660 | D:7      | Reached skill level 9 in Ranged Weapons
  8008 | D:8      | Noticed an elephant
  8027 | D:7      | Reached * piety under Okawaru
  8230 | D:8      | Reached XP level 10. HP: 42/49 MP: 11/11
  8411 | D:8      | Reached skill level 10 in Ranged Weapons
  8487 | D:8      | Reached skill level 1 in Invocations
  8515 | D:8      | Found Ukhlussil's Antique Weapon Shoppe.
  8515 | D:8      | Noticed a two-headed ogre
  8550 | D:9      | Noticed a sun demon
  8553 | D:9      | Mangled by a sun demon

Illustrated notes

Levels and vault maps discovered:
D:1:      evilmike_arrival_grusome_pit, layout_basic,
          ebering_ecumenical_altar_hall, interstate_on_off,
          minmay_misc_feat_secret_circle, nicolae_shop_unique_rings
D:2:      layout_basic, serial_bayou, serial_bayou_pond_d, serial_bayou_shore_b,
          serial_bayou_pond_e, serial_bayou_pond_c
D:3:      layout_loops_ring, uniq_crazy_yiuf_cottage
D:4:      minmay_octagon_keep, layout_basic,
          chequers_temple_overflow_statue_of_worship, uniq_edmund
D:5:      layout_basic, serial_shops, nicolae_stop_n_shop_1,
          grunt_ministairs_10, minmay_ruined_shrine
D:6:      layout_loops_ring, pdpol_wu_jian_five_deadly_venoms, serial_glass,
          glass_columns_c, glass_columns_a, glass_columns_b, glass_columns_b,
          nicolae_shop_national_dungeon_mall, nrook_mini_vaults,
          chequers_serial_rivers_large_b, uniq_jeremiah, uniq_grinder,
          uniq_duvessa
D:7:      layout_basic, minmay_temple_entry_enclosed_plants, serial_rivers,
          chequers_serial_rivers_large_a, chequers_serial_rivers_micro_a,
          chequers_serial_rivers_micro_c, chequers_serial_rivers_small_3,
          chequers_serial_rivers_marsh, minmay_misc_feat_alley, uniq_menkaure
D:8:      layout_basic, david_lair_generic, serial_shops, shop
D:9:      old_forge, layout_irregular_city, lemuel_tele_altar,
          mainiacjoe_overflow_six_doors_small, uniq_psyche, uniq_amaemon
Temple:   compressed_dpeg_triangle_lava_temple

Skill      XL: |  1  2  3  4  5  6  7  8  9 10 |
---------------+-------------------------------+-----
Fighting       | 1 2 3 |  3.6
Stealth        | 1 2 3 4 5 6 |  6.3
Dodging        | 3 4 5 6 |  6.2
Shields        | 1 2 |  2.9
Evocations     | 1 2 3 4 |  4.9
Shapeshifting  | 5 6 7 |  7.0
Ranged Weapons | 4 9 10 | 10.2
Invocations    | 1 |  1.5
Unarmed Combat | |  2.4

Action                     |  1- 3 |  4- 6 |  7- 9 | 10-12 || total
---------------------------+-------+-------+-------+-------++-------
  Melee: Unarmed           |    43 |   102 |   221 |       ||   366
         Punch             |     2 |       |       |       ||     2
   Fire: Orcbow            |       |       |   258 |    68 ||   326
  Throw: Dart              |    21 |     2 |     7 |       ||    30
         Boomerang         |       |    64 |    66 |       ||   130
         Stone             |       |       |    35 |       ||    35
  Evoke: Wand              |     6 |    13 |    14 |     3 ||    36
    Use: Scroll            |       |     1 |    16 |     6 ||    23
         Potion            |       |       |     5 |     2 ||     7
   Stab: Sleeping          |       |       |     1 |       ||     1
 Armour: Animal skin       |    15 |    20 |   112 |    19 ||   166
         Skin              |       |       |    14 |       ||    14
  Dodge: Dodged            |    24 |    64 |   272 |    62 ||   422
  Block: Buckler           |       |    16 |    54 |       ||    70

Table legend: (Time is in decaauts)
 A = Elapsed time spent in this place.
 B = Non-inter-level travel time spent in this place.
 C = Inter-level travel time spent in this place.
 D = Time resting spent in this place.
 E = Time spent auto-exploring this place.
 F = Levels seen in this place.
 G = Mean time per level.
                   A        B        C        D        E       F      G
               +--------+--------+--------+--------+--------+-----+--------+
         Total |   6532 |   6255 |    277 |    894 |   3682 |  10 |  653.2 |
       Dungeon |   6514 |   6253 |    261 |    894 |   3682 |   9 |  723.8 |
        Temple |     18 |      3 |     15 |      0 |      0 |   1 |   18.0 |
               +--------+--------+--------+--------+--------+-----+--------+

Top non-repeatable levels by time:
     D:6: 1303 daAuts
     D:5: 1146 daAuts
     D:4: 936 daAuts
     D:7: 928 daAuts
     D:2: 724 daAuts
     D:1: 612 daAuts
     D:3: 566 daAuts
     D:8: 272 daAuts
     D:9: 24 daAuts
  Temple: 18 daAuts
